 Dungeon Sprint DCSS version 0.26-a0-639-g72c4674329 (webtiles) character file.

Game seed: 11417618583872886496

7206 HoaS the Executioner (level 11, -3/72 (75) HPs)
             Began as a Formicid Fighter on Sept 24, 2020.
             Was the Champion of Makhleb.
             Succumbed to an ushabti's dark miasma
             ... in the Dungeon (Sprint V: "Ziggurat Sprint").
             The game lasted 00:08:13 (407 turns).

HoaS the Executioner (Formicid Fighter)              Turns: 407, Time: 00:08:14

HP:   -3/72 (75)    AC: 26    Str: 29    XL:     11   Next: 32%
MP:   3/11          EV:  6    Int:  7    God:    Makhleb [******]
Gold: 0             SH: 30    Dex: 12    Spells: 10/10 levels left

rFire    . . .     SeeInvis +   k - +5 executioner's axe (vorpal)
rCold    . . .     Faith    .   i - +18 shield of the Gong {rElec rN+ MR+ EV-5}
rNeg     + . .     Spirit   +   h - +15 Maxwell's patent armour {-Cast -Tele rElec MR+ rCorr}
rPois    .         Reflect  .   (helmet unavailable)
rElec    +         Harm     .   p - scarf {+Inv}
rCorr    +         Rampage  .   (no gloves)
MR       +++..     NoCast   +   (no boots)
Stlth    ..........             O - amulet of guardian spirit
HPRegen  0.00/turn              F - +6 ring of strength
MPRegen  0.12/turn              N - +4 ring of evasion

@: lethally poisoned (-3 -> -83), very slightly contaminated, non-regenerating,
badly diseased, invisible
A: permanent stasis, dig shafts and tunnels, four strong arms, antennae 3
a: Dig, Minor Destruction, Lesser Servant of Makhleb, Major Destruction, Greater
Servant of Makhleb, Renounce Religion


You were in the Dungeon.
You worshipped Makhleb.
Makhleb was exalted by your worship.
You visited 1 branch

Inventory:

Hand Weapons
 a - a +0 war axe
 j - a +5 battleaxe
 k - a +5 vorpal executioner's axe (weapon)
Armour
 b - a +5 crystal plate armour
 h - the +15 Maxwell's patent armour (worn) {-Cast -Tele rElec MR+ rCorr}
   (You found it in the Dungeon)

   It insulates you from electricity.
   It affects your resistance to hostile enchantments.
   It prevents spellcasting.
   It prevents most forms of teleportation.
   It provides partial protection from all sources of acid and corrosion.
 i - the +18 shield of the Gong (worn) {rElec rN+ MR+ EV-5}
   (You found it in the Dungeon)

   It affects your evasion (-5).
   It insulates you from electricity.
   It protects you from negative energy.
   It affects your resistance to hostile enchantments.
 l - a +3 tower shield
 p - a scarf of invisibility (worn)
Jewellery
 A - an uncursed ring of flight
 B - a +6 ring of dexterity
 C - a +6 ring of dexterity
 F - a +6 ring of strength (left hand)
 G - a +6 ring of strength
 K - an uncursed ring of ice
 L - the ring "Naizisy" {MR+ SInv}
   (You found it in the Dungeon)

   [ring of protection from magic]

   It affects your resistance to hostile enchantments.
   It lets you see invisible.
 M - the cursed ring "Nack" {+Fly rC+ rN+ Str-4 Stlth+}
   (You found it in the Dungeon)

   [ring of strength]

   It affects your strength (-4).
   It protects you from cold.
   It protects you from negative energy.
   It lets you fly.
   It makes you more stealthy.
   It has a curse placed upon it.
 N - a +4 ring of evasion (right hand)
 O - an amulet of guardian spirit (around neck)
Wands
 x - a wand of disintegration (7)
 y - a wand of iceblast (4)
 z - a wand of acid (7)
Scrolls
 r - 4 scrolls of amnesia
 s - 7 scrolls of fog
 t - a scroll of holy word
 u - 5 scrolls of identify
 v - 5 scrolls of remove curse
 w - 2 scrolls of fear
Potions
 d - 6 potions of might
 e - 10 potions of curing
 f - 10 potions of heal wounds
 g - 7 potions of magic
 m - 2 potions of brilliance
 n - a potion of invisibility
 o - 4 potions of resistance
 q - 5 potions of stabbing
Miscellaneous
 c - a phantom mirror
 I - a box of beasts (3/3)
 J - a phial of floods


   Skills:
 - Level 3.2 Fighting
 * Level 22.7 Axes
 - Level 3.2 Armour
 - Level 9.0 Shields


You had 10 spell levels left.
You didn't know any spells.
Your spell library was empty.

Dungeon Overview and Level Annotations

Branches:
Dungeon (1/1)

Altars:
Ashenzari
Cheibriados
Dithmenos
Elyvilon
Fedhas
Gozag
Hepliaklqana
Kikubaaqudgha
Makhleb
Nemelex Xobeh
Okawaru
Qazlal
Ru
Sif Muna
Trog
Uskayaw
Vehumet
Wu Jian
Xom
Yredelemnul
Zin
The Shining One
Beogh
Jiyva
Lugonu

Annotations:
D 1 transporter


Innate Abilities, Weirdness & Mutations

You cannot be hasted, slowed, berserked, paralysed or teleported.
You can dig through walls and to a lower floor.
Your four strong arms can wield two-handed weapons with a shield.
You have a pair of large antennae on your head. (SInv)


Message History

You feel very sick. You block the guardian mummy's attack.
PANG!
You block the ushabti's attack.
BONNNG!
You cut the ushabti into ribbons!!!
You destroy the ushabti!
Makhleb accepts your kill.
You feel better.
You closely miss the guardian mummy.
* * * LOW HITPOINT WARNING * * *
You feel very sick. You block the guardian mummy's attack.
BOUMMMMG!
* * * LOW HITPOINT WARNING * * *
You feel very sick. You block the guardian mummy's attack.
PANG!
You closely miss the guardian mummy.
The guardian mummy is almost destroyed.
You die...

▓....©.)..▓...©.).▓
▓▓▓▓▓▓▓▓▓▓▓▓▓▓▓▓▓▓▓
▓...8©8...▓..8©8..▓
▓..::|?=..▓..|[:..▓
▓...|=:...▓..)|:..▓
▓.........▓.......▓
▓.........▓.......▓
▓.........▓.......▓
▓.....M@..▓.......▓
▓.▓.....▓.▓.▓...▓.▓
▓....©....▓...©...▓
▓▓▓▓▓▓▓▓▓▓▓▓▓▓▓▓▓▓▓


{{{{{ {{{{{ {{{{{ {{{{ You could see a guardian mummy.

Vanquished Creatures
  5 two-headed ogres (D)
  A death scarab (D)
  A black mamba (D)
  A cane toad (D)
  2 guardian mummies (D)
  2 yaks (D)
  A spriggan (D)
  An ushabti (D)
  3 steam dragons (D)
  4 nagas (D)
  A floating eye (D)
  A swamp drake (D)
  A water moccasin (D)
  2 black bears (D)
  2 ogres (D)
  A wolf (D)
  4 scorpions (D)
  An iguana (D)
  3 mummies (D)
  2 river rats (D)
  An ooze (D)
  3 ball pythons (D)
43 creatures vanquished.

Vanquished Creatures (others)
  A swamp drake (D)
1 creature vanquished.

Grand Total: 44 creatures vanquished

Notes
Turn   | Place    | Note
-------+----------+-------------------------------------------
     0 | D        | HoaS the Formicid Fighter began the quest for the Orb.
     0 | D        | Reached XP level 1. HP: 18/18 MP: 1/1
     0 | D        | Found a blossoming altar of Fedhas.
     1 | D        | Found the +6 Majin-Bo {vamp, MP+6 Int+6}
     1 | D        | Found the +9 heavy crossbow "Sniper" {vorpal, Acc+∞ SInv}
     1 | D        | Found the +10 dark maul {vorpal}
     1 | D        | Found the +15 Maxwell's patent armour {-Cast -Tele rElec
                  | MR+ rCorr}
     1 | D        | Found the +18 shield of the Gong {rElec rN+ MR+ EV-5}
     1 | D        | Found the cursed +14 obsidian axe {vorpal, +Fly SInv
                  | *Curse}
     1 | D        | Found the +7 great mace "Firestarter" {inner flame, rF++}
     1 | D        | Found the +6 shillelagh "Devastator" {shatter}
     1 | D        | Found the +11 plutonium sword {*Contam Stlth-}
     1 | D        | Found the +8 lance "Wyrmbane" {slay drac, rPois rF+ rC+
                  | AC+3}
     1 | D        | Found the +9 sword of Zonguldrok {reap}
     1 | D        | Found the cursed +13 scythe of Curses {drain, *Curse}
     1 | D        | Found the +0 sword of Power
     1 | D        | Found the +7 mace of Variability {chain chaos}
     1 | D        | Found the +7 Singing Sword {vorpal, sonic wave}
     1 | D        | Found the +8 storm bow {elec, penet}
     1 | D        | Found a transporter.
     1 | D        | Found a viscous altar of Jiyva.
     1 | D        | Found an ancient bone altar of Kikubaaqudgha.
     1 | D        | Found a hazy altar of Hepliaklqana.
     1 | D        | Found a corrupted altar of Lugonu.
     1 | D        | Found an opulent altar of Gozag.
     1 | D        | Found a burning altar of Makhleb.
     4 | D        | Found a stormy altar of Qazlal.
     4 | D        | Found a sacrificial altar of Ru.
     4 | D        | Found an iron altar of Okawaru.
     4 | D        | Found a shimmering blue altar of Sif Muna.
     4 | D        | Found a sparkling altar of Nemelex Xobeh.
     4 | D        | Found a bloodstained altar of Trog.
     5 | D        | Banished a spatial maelstrom
   127 | D        | Became a worshipper of Makhleb the Destroyer
   130 | D        | Reached skill level 7 in Axes
   130 | D        | Reached XP level 2. HP: 24/24 MP: 2/2
   136 | D        | Entered arena 2.
   136 | D        | Noticed a floating eye
   136 | D        | Found a transporter.
   138 | D        | Killed a floating eye
   138 | D        | Reached skill level 9 in Axes
   138 | D        | Reached XP level 3. HP: 29/29 MP: 3/3
   138 | D        | Reached XP level 4. HP: 35/35 MP: 4/4
   138 | D        | Reached XP level 5. HP: 41/41 MP: 5/5
   151 | D        | Entered arena 3.
   151 | D        | Noticed a naga
   151 | D        | Found a transporter.
   153 | D        | Reached * piety under Makhleb
   157 | D        | Killed a naga
   157 | D        | Reached skill level 11 in Axes
   157 | D        | Reached XP level 6. HP: 47/47 MP: 6/6
   173 | D        | Entered arena 4.
   173 | D        | Found a transporter.
   176 | D        | Reached ** piety under Makhleb
   178 | D        | Reached skill level 12 in Axes
   178 | D        | Reached XP level 7. HP: 52/52 MP: 7/7
   201 | D        | Entered arena 5.
   201 | D        | Noticed a spriggan
   201 | D        | Found a transporter.
   213 | D        | Reached skill level 13 in Axes
   214 | D        | Reached *** piety under Makhleb
   214 | D        | Killed a spriggan
   214 | D        | Reached skill level 14 in Axes
   214 | D        | Reached XP level 8. HP: 58/58 MP: 8/8
   217 | D        | Reached skill level 15 in Axes
   233 | D        | Entered arena 6.
   233 | D        | Found a transporter.
   236 | D        | Reached **** piety under Makhleb
   249 | D        | Reached skill level 16 in Axes
   272 | D        | Entered arena 7.
   272 | D        | Noticed a black mamba
   276 | D        | Killed a black mamba
   276 | D        | Reached skill level 17 in Axes
   276 | D        | Reached XP level 9. HP: 64/64 MP: 9/9
   280 | D        | Reached ***** piety under Makhleb
   287 | D        | Reached skill level 18 in Axes
   295 | D        | Found a transporter.
   310 | D        | Entered arena 8.
   310 | D        | Noticed a cane toad
   317 | D        | Killed a cane toad
   322 | D        | Reached ****** piety under Makhleb
   322 | D        | Reached skill level 19 in Axes
   323 | D        | Found a transporter.
   337 | D        | Entered arena 9.
   337 | D        | Noticed a two-headed ogre
   337 | D        | Noticed a two-headed ogre
   337 | D        | Noticed a two-headed ogre
   337 | D        | Noticed a two-headed ogre
   337 | D        | Noticed a two-headed ogre
   344 | D        | Killed a two-headed ogre
   344 | D        | Reached XP level 10. HP: 70/70 MP: 10/10
   347 | D        | Killed a two-headed ogre
   347 | D        | Reached skill level 20 in Axes
   347 | D        | Killed a two-headed ogre
   347 | D        | Reached skill level 21 in Axes
   348 | D        | Killed a two-headed ogre
   353 | D        | Killed a two-headed ogre
   353 | D        | Reached XP level 11. HP: 68/75 MP: 11/11
   356 | D        | Found a transporter.
   363 | D        | Got the ring "Naizisy" {MR+ SInv}
   366 | D        | Got the cursed ring "Nack" {+Fly rC+ rN+ Str-4 Stlth+}
   389 | D        | Entered arena 10.
   389 | D        | Noticed a death scarab
   393 | D        | Found a transporter.
   397 | D        | Reached skill level 22 in Axes
   402 | D        | Killed a death scarab
   404 | D        | HP: 3/72 [poisoned by an ushabti (dark miasma)]
   406 | D        | HP: 1/72 [poisoned by an ushabti (dark miasma)]
   407 | D        | Succumbed to an ushabti's dark miasma

Illustrated notes

Levels and vault maps discovered:
D:        sprint_v [room_start, room_1, room_2, room_3, room_4, room_5, room_6,
          room_7, room_8, room_9, room_10, room_11, room_12, room_13, room_14,
          room_15, room_16, room_17, room_18, room_19, room_20, room_21,
          room_22, room_23, room_24, room_25, room_26, room_27]

Skill      XL: |  1  2  3  4  5  6  7  8  9 10 11 |
---------------+----------------------------------+-----
Axes           | 7 9 11 12 14 17 19 21 22 | 22.7
Shields        | 6 7 9 |  9.0
Fighting       | |  3.2
Armour         | |  3.2

Action                   |  1- 3 |  4- 6 |  7- 9 | 10-12 || total
-------------------------+-------+-------+-------+-------++-------
Melee: Executioner's axe |     1 |    10 |    47 |    24 ||    82
Evoke: Wand              |       |       |     3 |       ||     3
  Use: Potion            |     1 |       |       |     1 ||     2
       Scroll            |       |     1 |       |       ||     1
 Stab: Invisible         |       |       |       |     4 ||     4
Armor: Plate armour      |     1 |     2 |    35 |     3 ||    41
Dodge: Dodged            |       |     1 |     6 |     2 ||     9
Block: Kite shield       |       |    11 |    62 |    26 ||    99

Table legend: (Time is in decaauts)
 A = Elapsed time spent in this place.
 B = Non-inter-level travel time spent in this place.
 C = Inter-level travel time spent in this place.
 D = Time resting spent in this place.
 E = Time spent auto-exploring this place.
 F = Levels seen in this place.
 G = Mean time per level.
                   A        B        C        D        E       F      G
               +--------+--------+--------+--------+--------+-----+--------+
         Total |    418 |    418 |      0 |      7 |      0 |   1 |  418.0 |
       Dungeon |    418 |    418 |      0 |      7 |      0 |   1 |  418.0 |
               +--------+--------+--------+--------+--------+-----+--------+

Top non-repeatable levels by time:
       D: 418 daAuts
